SA
SYRACUSE STORM @ LOUISIANA DRAGOONS
05/12/2024
 
TOP OF THE 1ST
Syracuse Storm batting - Pitching for Louisiana Dragoons : RHP Ricardo Suárez
Pitching: RHP Ricardo Suárez
Batting: RHB Tyrell Wellick 0-0: Ball
1-0: Swinging Strike
1-1: Swinging Strike
1-2: Strikes out swinging
Batting: RHB Chi-hyeong Ho 0-0: Called Strike
0-1: Ball
1-1: Fly out, F7 (Line Drive, 7M)
Batting: RHB Jorge López 0-0: SINGLE (Groundball, 56)
Batting: RHB Jim Unknown 0-0: Called Strike
0-1: Ball
1-1: Foul Ball, location: 2F
1-2: Strikes out looking
Top of the 1st over - 0 run(s), 1 hit(s), 0 error(s), 1 left on base; Syracuse 0 - Louisiana 0
BOTTOM OF THE 1ST
Louisiana Dragoons batting - Pitching for Syracuse Storm : LHP Jim Unknown
Pitching: LHP Jim Unknown
Batting: RHB Anastasio Hernández 0-0: Ball
1-0: Foul Ball, location: 2F
1-1: Foul Ball, location: 2F
1-2: Ball
2-2: Strikes out looking
Batting: RHB Fernando Rutledge 0-0: Called Strike
0-1: Ball
1-1: Swinging Strike
1-2: Strikes out swinging
Batting: RHB Alberto Figueroa 0-0: Ball
1-0: Ball
2-0: SOLO HOME RUN (Flyball, 78XD), Distance : 433 ft
Batting: RHB Jaime Cruz 0-0: Called Strike
0-1: Ball
1-1: Ball
2-1: Ball
3-1: Fly out, F4 (Popup, 34D)
Bottom of the 1st over - 1 run(s), 1 hit(s), 0 error(s), 0 left on base; Syracuse 0 - Louisiana 1
TOP OF THE 2ND
Syracuse Storm batting - Pitching for Louisiana Dragoons : RHP Ricardo Suárez
Batting: RHB Carlos De Jesús 0-0: Ball
1-0: Called Strike
1-1: SINGLE (Groundball, 25) (infield hit)
Batting: SHB Roberto López 0-0: Ball
1-0: Ball
2-0: Ball
3-0: Base on Balls
Carlos De Jesús to second
Batting: LHB Jim Unknown 0-0: Ball
1-0: Foul Ball, location: 2F
1-1: Ball
2-1: SINGLE (Line Drive, 6D)
Carlos De Jesús to third
Roberto López to second
Runner from 3rd tries for Home, SAFE, no throw or cutoff
Batting: RHB Jim Unknown 0-0: Ball
1-0: Ball
2-0: Called Strike
2-1: Foul Ball, location: 2F
2-2: Ball
3-2: Base on Balls
Roberto López to third
Jim Unknown to second
Batting: RHB Jim Unknown 0-0: Ground out 5-3 (Groundball, 56S)
Roberto López scores
Jim Unknown to third
Jim Unknown to second
Batting: RHB Tyrell Wellick 0-0: Ball
1-0: Ball
2-0: Called Strike
2-1: Ball
3-1: Foul Ball, location: 2F
3-2: Base on Balls
Batting: RHB Chi-hyeong Ho 0-0: Foul Ball, location: 2F
0-1: Foul Ball, location: 2F
0-2: Ball
1-2: Fielders Choice at 2nd, 6-4 (Groundball, 6M)
Jim Unknown scores
Jim Unknown to third
Batting: RHB Jorge López Pickoff Throw to First - Error! E1
Jim Unknown scores
Chi-hyeong Ho to second
0-0: Ball
1-0: Fly out, F8 (Flyball, 8LM)
Top of the 2nd over - 4 run(s), 2 hit(s), 1 error(s), 1 left on base; Syracuse 4 - Louisiana 1
BOTTOM OF THE 2ND
Louisiana Dragoons batting - Pitching for Syracuse Storm : LHP Jim Unknown
Batting: RHB José Rodríguez 0-0: Foul Ball, location: 2F
0-1: Ball
1-1: Foul Ball, location: 2F
1-2: Ball
2-2: Foul Ball, location: 2F
2-2: Strikes out swinging
Batting: RHB Emmanuele Lucchetti 0-0: Ground out 5-3 (Groundball, 5)
Batting: RHB Kevin Johnson 0-0: Ground out 6-3 (Groundball, 6)
Bottom of the 2nd over - 0 run(s), 0 hit(s), 0 error(s), 0 left on base; Syracuse 4 - Louisiana 1
TOP OF THE 3RD
Syracuse Storm batting - Pitching for Louisiana Dragoons : RHP Ricardo Suárez
Batting: RHB Jim Unknown 0-0: Ball
1-0: Foul Ball, location: 2F
1-1: Swinging Strike
1-2: Ball
2-2: Ground out 4-3 (Groundball, 4M)
Batting: RHB Carlos De Jesús 0-0: Called Strike
0-1: SOLO HOME RUN (Flyball, 7D), Distance : 392 ft
Batting: SHB Roberto López 0-0: Swinging Strike
0-1: Swinging Strike
0-2: Foul Ball, location: 2F
0-2: Foul Ball, location: 2F
0-2: Ball
1-2: Strikes out swinging
Batting: LHB Jim Unknown 0-0: Ball
1-0: Ball
2-0: Foul Ball, location: 2F
2-1: Swinging Strike
2-2: Foul Ball, location: 2F
2-2: Ball
3-2: Strikes out looking
Top of the 3rd over - 1 run(s), 1 hit(s), 0 error(s), 0 left on base; Syracuse 5 - Louisiana 1
BOTTOM OF THE 3RD
Louisiana Dragoons batting - Pitching for Syracuse Storm : LHP Jim Unknown
Batting: SHB Eduardo Pampin 0-0: Ground out 4-3 (Groundball, 4)
Batting: RHB Armando Carmona 0-0: Called Strike
0-1: Ball
1-1: Ball
2-1: Foul Ball, location: 2F
2-2: SINGLE (Groundball, 56D)
Batting: RHB Anastasio Hernández 0-0: Ball
1-0: Ball
2-0: SINGLE (Groundball, 56S)
Armando Carmona to second
Batting: RHB Fernando Rutledge 0-0: Fly out, F4 (Popup, 4MD)
Batting: RHB Alberto Figueroa 0-0: Ball
1-0: Ball
2-0: Ball
3-0: Called Strike
3-1: Base on Balls
Armando Carmona to third
Anastasio Hernández to second
Batting: RHB Jaime Cruz 0-0: Ball
1-0: Ball
2-0: Ground out 6-3 (Groundball, 56)
Bottom of the 3rd over - 0 run(s), 2 hit(s), 0 error(s), 3 left on base; Syracuse 5 - Louisiana 1
TOP OF THE 4TH
Syracuse Storm batting - Pitching for Louisiana Dragoons : RHP Ricardo Suárez
Batting: RHB Jim Unknown 0-0: Ball
1-0: Swinging Strike
1-1: Ground out 6-3 (Groundball, 6M)
Batting: RHB Jim Unknown 0-0: Ball
1-0: Ground out 5-3 (Groundball, 56)
Batting: RHB Tyrell Wellick 0-0: Ball
1-0: Ball
2-0: Called Strike
2-1: Ground out 4-3 (Groundball, 4)
Top of the 4th over - 0 run(s), 0 hit(s), 0 error(s), 0 left on base; Syracuse 5 - Louisiana 1
BOTTOM OF THE 4TH
Louisiana Dragoons batting - Pitching for Syracuse Storm : LHP Jim Unknown
Batting: RHB José Rodríguez 0-0: Called Strike
0-1: Ball
1-1: Foul Ball, location: 2F
1-2: Ball
2-2: Foul Ball, location: 2F
2-2: Strikes out swinging
Batting: RHB Emmanuele Lucchetti 0-0: Ball
1-0: Swinging Strike
1-1: Called Strike
1-2: Strikes out looking
Batting: RHB Kevin Johnson 0-0: Ball
1-0: Called Strike
1-1: Ball
2-1: Ball
3-1: Foul Ball, location: 2F
3-2: Base on Balls
Batting: SHB Eduardo Pampin 0-0: Ball
Pickoff Throw to First - Out!
Bottom of the 4th over - 0 run(s), 0 hit(s), 0 error(s), 0 left on base; Syracuse 5 - Louisiana 1
TOP OF THE 5TH
Syracuse Storm batting - Pitching for Louisiana Dragoons : RHP Ricardo Suárez
Batting: RHB Chi-hyeong Ho 0-0: Called Strike
0-1: Ball
1-1: Foul Ball, location: 2F
1-2: Ground out 1-3 (Groundball, 15)
Batting: RHB Jorge López 0-0: Ball
1-0: Called Strike
1-1: Ball
2-1: Ground out 4-3 (Groundball, 13)
Batting: RHB Jim Unknown 0-0: Ground out 4-3 (Groundball, 4)
Top of the 5th over - 0 run(s), 0 hit(s), 0 error(s), 0 left on base; Syracuse 5 - Louisiana 1
BOTTOM OF THE 5TH
Louisiana Dragoons batting - Pitching for Syracuse Storm : LHP Jim Unknown
Batting: SHB Eduardo Pampin 0-0: Called Strike
0-1: Called Strike
0-2: Ball
1-2: Ball
2-2: Strikes out swinging
Batting: RHB Armando Carmona 0-0: Ground out 6-3 (Groundball, 6)
Batting: RHB Anastasio Hernández 0-0: Ball
1-0: Ball
2-0: Called Strike
2-1: Foul Ball, location: 2F
2-2: Ground out U3 (Groundball, 3)
Bottom of the 5th over - 0 run(s), 0 hit(s), 0 error(s), 0 left on base; Syracuse 5 - Louisiana 1
TOP OF THE 6TH
Syracuse Storm batting - Pitching for Louisiana Dragoons : RHP Ricardo Suárez
Batting: RHB Carlos De Jesús 0-0: SINGLE (Line Drive, 6MD)
Batting: SHB Roberto López 0-0: Called Strike
0-1: Sac Bunt - play at first, batter OUT! U3
Carlos De Jesús to second
Batting: LHB Jim Unknown 0-0: Ball
1-0: Called Strike
1-1: Ball
2-1: Ball
3-1: Called Strike
3-2: Base on Balls
Batting: RHB Jim Unknown 0-0: Ball
1-0: Foul Ball, location: 2F
1-1: Called Strike
1-2: Fly out, F7 (Flyball, 78S)
Pitching: RHP Del Sweet
Batting: RHB Jim Unknown 0-0: Called Strike
0-1: Called Strike
0-2: Ball
1-2: Ball
2-2: SINGLE (Groundball, 6MD)
Carlos De Jesús to third
Jim Unknown to second
Runner from 3rd tries for Home, SAFE, no throw or cutoff
Batting: RHB Tyrell Wellick 0-0: DOUBLE (Line Drive, 78M)
Jim Unknown scores
Jim Unknown to third
Batting: RHB Chi-hyeong Ho 0-0: Ball
1-0: Called Strike
1-1: SINGLE (Line Drive, 56D)
Jim Unknown scores
Tyrell Wellick to third
Runner from 3rd tries for Home, SAFE, throw made home
Chi-hyeong Ho to second
Batting: RHB Jorge López 0-0: Ball
1-0: Ball
2-0: 2-RUN HOME RUN (Flyball, 78XD), Distance : 433 ft
Batting: RHB Jim Unknown 0-0: SINGLE (Flyball, 9S)
Pitching: LHP Javier Browne
Batting: RHB Carlos De Jesús 0-0: Called Strike
0-1: Ball
1-1: Foul Ball, location: 2F
1-2: Ball
2-2: Strikes out swinging
Top of the 6th over - 6 run(s), 6 hit(s), 0 error(s), 1 left on base; Syracuse 11 - Louisiana 1
BOTTOM OF THE 6TH
Louisiana Dragoons batting - Pitching for Syracuse Storm : LHP Jim Unknown
Batting: RHB Fernando Rutledge 0-0: Called Strike
0-1: Called Strike
0-2: Ball
1-2: Foul Ball, location: 2F
1-2: SINGLE (Line Drive, 56)
Batting: RHB Alberto Figueroa 0-0: SINGLE (Groundball, 56)
Fernando Rutledge to second
Batting: RHB Jaime Cruz 0-0: Called Strike
0-1: Ball
1-1: Called Strike
1-2: Fly out, F9 (Flyball, 9M)
Runner from 2nd tags up, OUT at 3rd
Batting: RHB José Rodríguez 0-0: Ball
1-0: Called Strike
1-1: Ball
2-1: Foul Ball, location: 2F
2-2: Fly out, F8 (Line Drive, 8LM)
Bottom of the 6th over - 0 run(s), 2 hit(s), 0 error(s), 1 left on base; Syracuse 11 - Louisiana 1
TOP OF THE 7TH
Syracuse Storm batting - Pitching for Louisiana Dragoons : LHP Javier Browne
Batting: SHB Roberto López 0-0: Called Strike
0-1: Foul Ball, location: 2F
0-2: Reaches on Catchers interference
Batting: LHB Jim Unknown 0-0: Ball
1-0: Bunted foul
1-1: Bunted foul
1-2: Fielders Choice at 2nd, 4-6 (Groundball, 34)
Batting: RHB Jim Unknown 0-0: Ball
1-0: Grounds into double play, 4-6-3 (Groundball, 4)
Top of the 7th over - 0 run(s), 0 hit(s), 1 error(s), 0 left on base; Syracuse 11 - Louisiana 1
BOTTOM OF THE 7TH
Louisiana Dragoons batting - Pitching for Syracuse Storm : LHP Jim Unknown
Batting: RHB Emmanuele Lucchetti 0-0: Called Strike
0-1: Foul Ball, location: 2F
0-2: Foul Ball, location: 2F
0-2: Reached on error, E5 (Groundball, 5)
Batting: RHB Kevin Johnson 0-0: Ball
1-0: Foul Ball, location: 2F
1-1: Ball
2-1: Called Strike
2-2: Foul Ball, location: 2F
2-2: Foul Ball, location: 2F
2-2: Foul Ball, location: 2F
2-2: Ground out 5-3 (Groundball, 15S)
Emmanuele Lucchetti to third
Pitching: LHP Arnie Banks
Batting: SHB Eduardo Pampin 0-0: Called Strike
0-1: Ground out 4-3 (Groundball, 4M)
Emmanuele Lucchetti scores
Batting: RHB Armando Carmona 0-0: Called Strike
0-1: Ball
1-1: Called Strike
1-2: Ball
2-2: Fly out, F4 (Popup, 3DF)
Bottom of the 7th over - 1 run(s), 0 hit(s), 1 error(s), 0 left on base; Syracuse 11 - Louisiana 2
TOP OF THE 8TH
Syracuse Storm batting - Pitching for Louisiana Dragoons : LHP Javier Browne
Batting: RHB Jim Unknown 0-0: Swinging Strike
0-1: Swinging Strike
0-2: Foul Ball, location: 2F
0-2: Fly out, F8 (Line Drive, 8LM)
Batting: RHB Tyrell Wellick 0-0: Foul Ball, location: 2F
0-1: Foul Ball, location: 2F
0-2: Ball
1-2: Strikes out swinging
Batting: RHB Chi-hyeong Ho 0-0: Ball
1-0: Foul Ball, location: 2F
1-1: Swinging Strike
1-2: Ball
2-2: Strikes out looking
Top of the 8th over - 0 run(s), 0 hit(s), 0 error(s), 0 left on base; Syracuse 11 - Louisiana 2
BOTTOM OF THE 8TH
Louisiana Dragoons batting - Pitching for Syracuse Storm : LHP Arnie Banks
Batting: RHB Anastasio Hernández 0-0: Called Strike
0-1: DOUBLE (Line Drive, 7LM)
Batting: RHB Fernando Rutledge 0-0: Ball
1-0: Ground out 5-3 (Groundball, 5)
Batting: RHB Alberto Figueroa 0-0: SINGLE (Line Drive, 6D)
Anastasio Hernández to third
Runner from 3rd tries for Home, SAFE, no throw or cutoff
Batting: RHB Jaime Cruz 0-0: Foul Ball, location: 2F
0-1: Fly out, F5 (Popup, 13)
Batting: RHB José Rodríguez 0-0: Ball
1-0: Ball
2-0: Called Strike
2-1: Ball
3-1: SINGLE (Groundball, 6D)
Alberto Figueroa to second
Batting: RHB Emmanuele Lucchetti 0-0: Swinging Strike
0-1: SINGLE (Line Drive, 56D)
Alberto Figueroa to third
José Rodríguez to second
Runner from 3rd tries for Home, SAFE, no throw or cutoff
Batting: RHB Kevin Johnson 0-0: Ball
1-0: Ball
2-0: Foul Ball, location: 2F
2-1: Fly out, F6 (Line Drive, 6D)
Bottom of the 8th over - 2 run(s), 4 hit(s), 0 error(s), 2 left on base; Syracuse 11 - Louisiana 4
TOP OF THE 9TH
Syracuse Storm batting - Pitching for Louisiana Dragoons : LHP Javier Browne
Pinch Hitting: RHB Jim Unknown 0-0: Called Strike
0-1: Called Strike
0-2: Foul Ball, location: 2F
0-2: Ball
1-2: Ball
2-2: Foul Ball, location: 2F
2-2: Ball
3-2: Foul Ball, location: 2F
3-2: Foul Ball, location: 2F
3-2: Base on Balls
Batting: RHB Jim Unknown 0-0: Foul Ball, location: 2F
0-1: Grounds into double play, 5-4-3 (Groundball, 5)
Batting: RHB Carlos De Jesús 0-0: Ball
1-0: Ball
2-0: Called Strike
2-1: Ball
3-1: Base on Balls
Batting: SHB Roberto López 0-0: Ball
1-0: Foul Ball, location: 2F
1-1: Ball
2-1: Swinging Strike
2-2: Foul Ball, location: 2F
2-2: Ball
3-2: Fly out, F7 (Flyball, 7D)
Top of the 9th over - 0 run(s), 0 hit(s), 0 error(s), 1 left on base; Syracuse 11 - Louisiana 4
BOTTOM OF THE 9TH
Louisiana Dragoons batting - Pitching for Syracuse Storm : LHP Arnie Banks
Now at 3B: Jim Unknown
Batting: SHB Eduardo Pampin 0-0: SINGLE (Line Drive, 7S)
Batting: RHB Armando Carmona 0-0: Called Strike
0-1: SINGLE (Line Drive, 56D)
Eduardo Pampin to second
Batting: RHB Anastasio Hernández 0-0: Ball
1-0: Called Strike
1-1: Ball
2-1: Foul Ball, location: 2F
2-2: SINGLE (Line Drive, 6D)
Eduardo Pampin to third
Armando Carmona to second
Batting: RHB Fernando Rutledge 0-0: Called Strike
0-1: Ball
1-1: Swinging Strike
1-2: Foul Ball, location: 2F
1-2: Ball
2-2: Strikes out swinging
Batting: RHB Alberto Figueroa 0-0: Called Strike
0-1: Swinging Strike
0-2: Ball
Reached via error on a dropped throw, E4
Eduardo Pampin scores
Armando Carmona to third
Anastasio Hernández to second
Batting: RHB Jaime Cruz 0-0: Ball
1-0: Called Strike
1-1: Fly out, F8 (Flyball, 8RS)
Batting: RHB José Rodríguez 0-0: Called Strike
0-1: Called Strike
0-2: Ball
1-2: Strikes out looking
Bottom of the 9th over - 1 run(s), 3 hit(s), 1 error(s), 3 left on base; Syracuse 11 - Louisiana 5
This league is powered by Out of the Park Baseball, the baseball management simulation game for PC, Mac and Linux
Monday, October 3rd, 2016 - OOTP Baseball 16.9 Build 39